 Dungeon Crawl Stone Soup version 0.28.0 (webtiles) character file.

Game seed: 13397509288006519318

182834 SnakkuSnakku7 the Bludgeoner (level 17, -10/117 HPs)
             Began as a Gargoyle Cinder Acolyte on Feb 9, 2022.
             Was a High Priest of Ignis.
             Mangled by a caustic shrike simulacrum (24 damage)
             ... in an ice cave.
             The game lasted 00:54:31 (34558 turns).

SnakkuSnakku7 the Bludgeoner (GrCA)                Turns: 34558, Time: 00:54:32

Health: -10/117    AC: 54    Str: 32    XL:     17   Next: 98%
Magic:  18/18      EV: 11    Int: 18    God:    Ignis [*****.]
Gold:   713        SH:  5    Dex: 12    Spells: 18/18 levels left

rFire   + . .      SeeInvis +   a - +10 morningstar "Fomyrpho" {freeze, rF+ Dex+3 SInv}
rCold   . . .      Faith    .   (no shield)
rNeg    + . .      Spirit   .   P - +10 plate armour {ponderous}
rPois   ∞          Reflect  +   O - +2 helmet {Int+3}
rElec   +          Harm     .   S - +2 cloak
rCorr   +          Rampage  .   r - +2 pair of gloves
Will    ++...                   B - +2 pair of boots
Stlth   ..........              i - amulet of reflection
HPRegen 0.29/turn               K - +6 ring of strength
MPRegen 0.16/turn               G - ring of Jeblagor {rF- Will+ rCorr Str+4 Stlth+}

@: flying, studying Ice Magic, slow
A: sickness immunity, AC +12, big wings, negative energy resistance 1,
electricity resistance, torment resistance 1, petrification resistance
}: 1/15 runes: decaying
a: Renounce Religion, Fiery Armour, Foxfire Swarm, Rising Flame


You were in an ice cave.
You worshipped Ignis.
Ignis was extremely pleased with you.
You visited 5 branches of the dungeon, and saw 28 of its levels.
You also visited: Ice Cave and Volcano.

You collected 3148 gold pieces.
You spent 2435 gold pieces at shops.

Inventory:

Hand Weapons
 a - the +10 morningstar "Fomyrpho" (weapon) {freeze, rF+ Dex+3 SInv}
   (You found it on level 7 of the Dungeon)

   It freezes those it strikes, dealing additional cold damage.
   It can also slow down cold-blooded creatures.
   Dex:       It affects your dexterity (+3).
   rF:        It protects you from fire.
   SInv:      It lets you see invisible.
 l - a +5 great mace of draining
Armour
 r - a +2 pair of gloves (worn)
 B - a +2 pair of boots (worn)
 O - a +2 helmet of intelligence (worn)
 P - a +10 plate armour of ponderousness (worn)
 S - a +2 cloak (worn)
Jewellery
 i - an amulet of reflection (around neck)
 o - a ring of ice
 G - the ring of Jeblagor (right hand) {rF- Will+ rCorr Str+4 Stlth+}
   (You found it on level 9 of the Dungeon)

   [ring of willpower]

   Str:       It affects your strength (+4).
   rF:        It makes you vulnerable to fire.
   rCorr:     It protects you from acid and corrosion.
   Will:      It increases your willpower.
   Stlth:     It makes you more stealthy.
 K - a +6 ring of strength (left hand)
Wands
 b - a wand of iceblast (16)
 k - a wand of flame (19)
 u - a wand of paralysis (6)
 H - a wand of polymorph (7)
 J - a wand of mindburst (9)
 M - a wand of digging (11)
Scrolls
 e - 8 scrolls of blinking
 f - 6 scrolls of vulnerability
 h - 8 scrolls of teleportation
 j - 7 scrolls of immolation
 x - 4 scrolls of holy word
 y - 8 scrolls of fog
 C - 4 scrolls of brand weapon
 I - a scroll of enchant armour
 N - 5 scrolls of fear
 Q - 2 scrolls of silence
 R - a scroll of summoning
Potions
 c - 2 potions of brilliance
 d - 12 potions of curing
 g - 3 potions of ambrosia
 m - 4 potions of heal wounds
 p - 2 potions of cancellation
 q - a potion of invisibility
 s - 5 potions of mutation
 t - 3 potions of magic
 v - 2 potions of haste
 w - 2 potions of lignification
 z - 3 potions of berserk rage
 A - 6 potions of resistance
 D - 4 potions of might
 E - 3 potions of attraction
Miscellaneous
 n - a phial of floods
 L - a phantom mirror
 T - a lightning rod (4/4)


   Skills:
 + Level 17.1 Fighting
 - Level 20.0 Maces & Flails
 - Level 4.0 Throwing
 - Level 15.0 Armour
 - Level 8.0 Dodging
 - Level 1.0 Spellcasting
 - Level 3.0 Fire Magic
 - Level 10.0 Evocations


You had 18 spell levels left.
You didn't know any spells.
Your spell library contained the following spells:

 Spells                   Type           Power      Damage    Failure   Level
 Scorch                   Fire           22%        2d6       38%         2
 Beastly Appendage        Tmut           0%         N/A       67%         1
 Magic Dart               Conj           0%         1d3       67%         1
 Pain                     Necr           0%         1d4       67%         1
 Sandblast                Erth           0%         2d4       67%         1
 Sting                    Tmut/Pois      0%         1d3       67%         1
 Blink                    Tloc           0%         N/A       82%         2
 Call Imp                 Summ           0%         N/A       82%         2
 Ensorcelled Hibernation  Hex/Ice        0%         N/A       82%         2
 Passwall                 Tmut/Erth      0%         N/A       82%         2
 Wereblood                Tmut           0%         N/A       82%         2
 Inner Flame              Hex/Fire       6%         N/A       83%         3
 Call Canine Familiar     Summ           0%         N/A       96%         3
 Gell's Gravitas          Tloc           0%         N/A       96%         3
 Lesser Beckoning         Tloc           0%         N/A       96%         3
 Mephitic Cloud           Conj/Pois/Air  0%         N/A       96%         3
 Portal Projectile        Hex/Tloc       0%         N/A       96%         3
 Spider Form              Tmut/Pois      0%         N/A       96%         3
 Swiftness                Air            0%         N/A       96%         3
 Teleport Other           Tloc           0%         N/A       96%         3
 Flame Wave               Conj/Fire      6%         2d5       99%         4
 Cause Fear               Hex            0%         N/A       100%        4
 Fulminant Prism          Conj/Hex       0%         3d6       100%        4
 Iskenderun's Mystic Bla  Conj/Tloc      0%         2d3       100%        4
 Leda's Liquefaction      Hex/Erth       0%         N/A       100%        4
 Agony                    Necr           0%         N/A       100%        5
 Blade Hands              Tmut           0%         N/A       100%        5
 Excruciating Wounds      Necr           0%         N/A       100%        5
 Lee's Rapid Deconstruct  Erth           0%         3d5*      100%        5
 Manifold Assault         Tloc           0%         N/A       100%        5
 Summon Forest            Summ/Tloc      0%         N/A       100%        5
 Summon Mana Viper        Hex/Summ       0%         N/A       100%        5
 Dispersal                Tloc           0%         N/A       100%        6
 Summon Cactus Giant      Summ           0%         N/A       100%        6
 Dragon Form              Tmut           0%         N/A       100%        7
 Discord                  Hex            0%         N/A       100%        8
 Statue Form              Tmut/Erth      Unusable   N/A       N/A         6

Dungeon Overview and Level Annotations

Branches:
Dungeon (15/15)            Temple (0/1) D:4            Lair (6/6) D:8
  Swamp (4/4) Lair:4        Snake (1/4) Lair:4        Slime (0/5) Lair:5
    Orc (2/2) D:10            Elf (0/3) Orc:2        Vaults (0/5) D:13
 Depths (0/4) D:15          IceCv (1/1)             Volcano (visited)

Altars:
Ashenzari
Gozag
Trog
The Shining One
Jiyva

Shops:
D:8 *   D:14 [*?[   Orc:2 **([

Annotations:
Swamp:2 2 transporters, xfalz's ghost, journeyman GnSk


Innate Abilities, Weirdness & Mutations

You are immune to sickness and miasma.
Your stone body is resilient. (AC +12)
You are immune to poison.
Your large and strong wings let you fly.
You resist negative energy. (rN+)
You are resistant to electric shocks. (rElec)
You are resistant to unholy torment.
You are immune to petrification.


Message History

You block the caustic shrike simulacrum's attack.
The caustic shrike simulacrum completely misses you.
You bludgeon the caustic shrike simulacrum!!
The caustic shrike simulacrum is severely damaged.
The caustic shrike simulacrum barely misses you.
You thump the caustic shrike simulacrum!
The caustic shrike simulacrum is almost destroyed.
The caustic shrike simulacrum claws you but does no damage.
You miss the caustic shrike simulacrum.
The caustic shrike simulacrum is almost destroyed.
The caustic shrike simulacrum completely misses you.
You impale the caustic shrike simulacrum!!
The caustic shrike simulacrum vaporises!
You hit the ettin simulacrum.
The ettin simulacrum is lightly damaged.
You skewer the ettin simulacrum like a kebab!!!
The ettin simulacrum vaporises!
A caustic shrike simulacrum comes into view.
A caustic shrike simulacrum and an ettin simulacrum come into view.
You reach down and open the door.
A four-headed hydra simulacrum comes into view.
The caustic shrike simulacrum claws you but does no damage.
You block the caustic shrike simulacrum's attack.
The caustic shrike simulacrum claws you but does no damage.
You block the caustic shrike simulacrum's attack.
The caustic shrike simulacrum claws you but does no damage.
The caustic shrike simulacrum claws you but does no damage.
The caustic shrike simulacrum closely misses you.
The caustic shrike simulacrum claws you!
The caustic shrike simulacrum freezes you!!
The caustic shrike simulacrum claws you but does no damage.
The caustic shrike simulacrum claws you!
The caustic shrike simulacrum freezes you!!!
* * * LOW HITPOINT WARNING * * *
The caustic shrike simulacrum claws you but does no damage.
The caustic shrike simulacrum claws you but does no damage.
The caustic shrike simulacrum claws you!
* * * LOW HITPOINT WARNING * * *
The caustic shrike simulacrum freezes you!!
You die...

#...............#
#...............#
#.......⌠.......#
#...............#
#...............#
##.............##
#.####...####.#
###..#...#..###
#⌠)##@##?⌠# ##
#.ZZ#+## #...#
###...###
#.#.Z.#.#
###'#...#'#
#.'...Z...+
###.8...8.###
#.'.......'.#


You could see a four-headed hydra simulacrum, an ettin simulacrum and 2 caustic
shrike simulacra.

Vanquished Creatures
  Saint Roka (Orc:1)
  3 tentacled monstrosities
  6 thorn hunters
  A fire giant (D:15)
  A fenstrider witch (Swamp:2)
  3 ghouls (Swamp:4)
  The ghost of Caath the Blocker, a journeyman DrFi of Okawaru (Lair:5)
  6 eleionomae
  Azrael (Orc:1)
  The ghost of Clumpoid the Basher, a journeyman DsFi of Makhleb (Lair:6)
  A dire elephant (Lair:6)
  A bunyip (Swamp:2)
  Snorg (Lair:4)
  A fire dragon (Volcano)
  3 shambling mangroves (Swamp:2)
  20 hydras
  7 boulder beetles
  2 caustic shrike simulacra (IceCv)
  3 centaur warriors
  9 ghost crabs
  2 death knights
  2 dancing weapons (D:13)
  5 alligators
  3 death yaks (Lair:6)
  3 orc high priests (Orc:2)
  3 two-headed ogres
  A spriggan berserker (Swamp:2)
  4 sun demons (Volcano)
  5 goliath frogs
  5 spriggan druids
  2 obsidian statues (IceCv)
  9 swamp dragons
  5 bog bodies
  A phantasmal warrior (D:12)
  2 lindwurms (Lair:6)
  A spectral hydra (Lair:6)
  A deep elf zephyrmancer (D:12)
  14 ugly things
  7 orc knights
  5 orc sorcerers
  5 manticores
  6 will-o-the-wisps
  3 cyclopes
  An oklob plant (D:9)
  7 elephants
  2 smoke demons (Volcano)
  7 black mambas
  4 apocalypse crabs (Swamp:3)
  2 torpor snails
  12 cane toads
  A gargoyle (D:14)
  4 rime drakes
  2 unseen horrors
  A kobold demonologist (D:12)
  An ice devil (IceCv)
  An efreet (D:12)
  9 komodo dragons
  9 freezing wraiths
  An anaconda simulacrum (IceCv)
  A golden dragon simulacrum (IceCv)
  A tengu conjurer (D:14)
  5 trolls
  14 polar bears
  13 hornets
  8 tyrant leeches
  20 blink frogs
  11 slime creatures
  14 dream sheep
  5 raiju
  A spectral black mamba (Lair:6)
  A shadow (D:10)
  A dire elephant simulacrum (IceCv)
  11 spriggans
  5 wraiths
  4 water elementals (D:11)
  3 fire elementals
  78 yaks
  4 wyverns
  3 steam dragons
  12 wargs
  19 vampire mosquitoes
  A minotaur simulacrum (IceCv)
  7 basilisks
  11 swamp worms
  4 acid dragons
  10 water moccasins
  4 nagas (Lair:4)
  19 hell hounds
  3 hydra simulacra (Lair:6)
  5 swamp drakes
  A sky beast (D:5)
  An ice beast (D:8)
  25 orc warriors
  3 ettin simulacra (IceCv)
  A necrophage (D:5)
  4 ogres
  38 wolves
  25 centaurs
  12 black bears
  A phantom (D:4)
  A kobold brigand (D:9)
  A scorpion (D:6)
  8 bullfrogs
  A gnoll sergeant (D:8)
  2 wyvern zombies (D:7)
  A lindwurm simulacrum (IceCv)
  4 killer bees
  An oklob sapling (D:9)
  2 electric eels
  5 howler monkeys
  2 jellies
  2 centaur zombies
  2 hounds (D:4)
  2 centaur skeletons
  20 orc priests
  A bullfrog skeleton (D:6)
  3 iguanas
  2 hell rats (Lair:4)
  19 orc wizards
  2 killer bee zombies
  A hound skeleton (D:5)
  4 gnolls (D:8)
  2 howler monkey skeletons
  13 adders
  9 river rats (Lair:4)
  A shadow imp (D:8)
  2 white imps (D:7)
  A dart slug (D:3)
  60 orcs
  11 ball pythons
  3 endoplasms
  3 giant cockroaches
  8 goblins
  4 hobgoblins
  2 jackals (D:9)
  12 kobolds
  4 quokkas
  5 bats
  4 frilled lizards
  7 rats
  A briar patch (Swamp:2)
  A bush (D:9)
878 creatures vanquished.

Vanquished Creatures (collateral kills)
  A wraith (D:12)
1 creature vanquished.

Vanquished Creatures (others)
  3 hydras (Swamp:4)
  A goliath frog (Swamp:2)
  2 bloated husks
  A hornet (Swamp:1)
  A tyrant leech (Swamp:1)
  A spriggan (Swamp:2)
  3 swamp drakes (Swamp:4)
  An orc priest (Orc:2)
  An orc (Orc:2)
  2 briar patches (Swamp:3)
  A bush (Lair:2)
  21 foxfires
  52 fungi
  82 plants
172 creatures vanquished.

Grand Total: 1051 creatures vanquished

Notes
Turn   | Place    | Note
-------+----------+-------------------------------------------
     0 | D:1      | SnakkuSnakku7 the Gargoyle Cinder Acolyte began the quest
                  | for the Orb.
     0 | D:1      | Reached XP level 1. HP: 14/14 MP: 2/2
   207 | D:1      | Reached XP level 2. HP: 16/19 MP: 3/3
   748 | D:1      | Found a faded altar of an unknown god.
   755 | D:1      | Reached skill level 4 in Maces & Flails
  1050 | D:2      | Reached XP level 3. HP: 19/23 MP: 4/4
  1605 | D:2      | Reached XP level 4. HP: 17/28 MP: 5/5
  2321 | D:3      | Reached skill level 5 in Maces & Flails
  2476 | D:3      | Identified the +11 spear of Darkness {freeze, rElec rN+
                  | MP-9 Dex+5}
  2524 | D:3      | Reached skill level 1 in Throwing
  2527 | D:3      | Reached XP level 5. HP: 32/32 MP: 0/6
  2777 | D:4      | Noticed a phantom
  2785 | D:4      | Killed a phantom
  2914 | D:4      | Reached XP level 6. HP: 38/39 MP: 0/7
  3261 | D:4      | Reached skill level 5 in Fighting
  3484 | D:4      | Reached XP level 7. HP: 41/44 MP: 0/8
  3644 | D:4      | Found a staircase to the Ecumenical Temple.
  3693 | D:5      | Entered Level 5 of the Dungeon
  3792 | D:5      | Found a broken altar of Ashenzari.
  4266 | D:5      | Reached XP level 8. HP: 41/53 MP: 0/9
  4289 | D:6      | Identified the +4 hand axe of Fairogewn {speed, rC+ Will+
                  | Str+3}
  4547 | D:6      | Reached skill level 1 in Armour
  5212 | D:7      | Noticed a troll
  5477 | D:7      | Identified the +10 morningstar "Fomyrpho" {freeze, rF+
                  | Dex+3 SInv}
  5944 | D:7      | Reached skill level 6 in Maces & Flails
  6060 | D:7      | Noticed a gargoyle
  6175 | D:8      | Noticed a hornet
  6181 | D:8      | Killed a hornet
  6182 | D:8      | Reached skill level 7 in Maces & Flails
  6235 | D:8      | Noticed a yak
  6246 | D:8      | Killed a yak
  6247 | D:8      | Reached XP level 9. HP: 52/59 MP: 10/10
  6299 | D:8      | Reached skill level 8 in Maces & Flails
  6321 | D:8      | Reached skill level 9 in Maces & Flails
  6395 | D:8      | Found a staircase to the Lair.
  6599 | D:8      | Identified the +1 leather armour "Makejes" {Regen+ Int+7}
  6704 | D:8      | Found Unakk's General Store.
  6717 | D:8      | Bought a scroll of teleportation for 36 gold pieces
  6717 | D:8      | Bought a scroll of identify for 24 gold pieces
  6717 | D:8      | Bought a potion of mutation for 96 gold pieces
  6787 | D:8      | Reached skill level 10 in Maces & Flails
  7141 | D:8      | Reached skill level 11 in Maces & Flails
  7147 | D:8      | Reached XP level 10. HP: 39/64 MP: 11/11
  7756 | D:9      | Reached skill level 12 in Maces & Flails
  8031 | D:9      | Identified the ring of Jeblagor {rF- Will+ rCorr Str+4
                  | Stlth+}
  8154 | D:9      | You fall into a shaft and drop 3 floors!
  8154 | D:12     | Noticed a manticore
  8157 | D:12     | Killed a manticore
  8282 | D:12     | Reached skill level 13 in Maces & Flails
  8372 | D:12     | Noticed an unseen horror
  8380 | D:12     | Killed an unseen horror
  8565 | D:10     | Entered Level 10 of the Dungeon
  8858 | D:10     | Reached skill level 14 in Maces & Flails
  8863 | D:10     | Reached XP level 11. HP: 49/68 MP: 12/12
  9083 | D:10     | Found a staircase to the Orcish Mines.
  9646 | D:10     | Noticed a two-headed ogre
  9657 | D:10     | Killed a two-headed ogre
  9658 | D:10     | Reached skill level 15 in Maces & Flails
  9934 | Lair:1   | Entered Level 1 of the Lair of Beasts
 10377 | Lair:1   | Found a glowing golden altar of the Shining One.
 10928 | Lair:1   | Reached skill level 16 in Maces & Flails
 11371 | Lair:2   | Noticed a boulder beetle
 11464 | Lair:1   | Reached skill level 10 in Fighting
 11464 | Lair:1   | Reached XP level 12. HP: 24/77 MP: 13/13
 12570 | Lair:2   | Noticed a boulder beetle
 12641 | Lair:2   | Reached skill level 5 in Armour
 13022 | Lair:3   | Killed a boulder beetle
 13227 | Lair:3   | Found a dark tunnel.
 13246 | Lair:3   | Noticed a seven-headed hydra
 13255 | Lair:3   | Killed a seven-headed hydra
 13273 | Volcano  | Entered a volcano
 13299 | Volcano  | Noticed a sun demon
 13317 | Volcano  | Killed a sun demon
 13344 | Volcano  | Noticed a sun demon
 13358 | Volcano  | Killed a sun demon
 13620 | Volcano  | Reached XP level 13. HP: 74/86 MP: 14/14
 13687 | Volcano  | Reached skill level 10 in Armour
 13759 | Volcano  | Noticed a fire dragon
 13769 | Volcano  | Killed a fire dragon
 14614 | Lair:4   | Found a staircase to the Snake Pit.
 14714 | Lair:4   | Reached skill level 1 in Dodging
 15099 | Lair:4   | Found a staircase to the Swamp.
 15419 | Lair:4   | Noticed Snorg
 15520 | Lair:5   | Reached skill level 5 in Dodging
 15808 | Lair:5   | Found a runed translucent gate.
 15808 | Lair:5   | Found a runed translucent gate.
 15808 | Lair:5   | Found a runed translucent gate.
 15809 | Lair:5   | Noticed Caath's ghost (journeyman DrFi)
 15990 | Lair:5   | Found a viscous altar of Jiyva.
 15990 | Lair:5   | Found a staircase to the Slime Pits.
 16428 | Lair:5   | Killed Caath's ghost
 16469 | Lair:6   | Entered Level 6 of the Lair of Beasts
 16469 | Lair:6   | Found a runed translucent gate.
 16469 | Lair:6   | Found a runed translucent gate.
 16470 | Lair:6   | Found a runed translucent gate.
 16533 | Lair:6   | Gained mutation: Your large and strong wings let you fly.
                  | [Gargoyle growth]
 16533 | Lair:6   | Reached XP level 14. HP: 92/92 MP: 15/15
 16864 | Lair:6   | Reached skill level 1 in Evocations
 17029 | Lair:6   | Identified the +10 quarterstaff "Gobyar" {freeze, Will+
                  | Str+4}
 17356 | Lair:6   | Reached skill level 5 in Evocations
 17469 | Lair:6   | Noticed Clumpoid's ghost (journeyman DsFi)
 18418 | Lair:6   | Noticed a dire elephant
 18439 | Lair:6   | Killed a dire elephant
 18493 | Lair:6   | Got the Almanac of the Shifting Mountains
 18903 | Lair:4   | Killed Snorg
 19475 | Lair:2   | Identified the +2 flail "Beytodargh" {holy, rPois rN++
                  | rCorr SInv}
 19638 | D:9      | Got the Incunabulum of Nature
 19859 | D:11     | Reached XP level 15. HP: 96/96 MP: 16/16
 20349 | D:12     | Reached skill level 10 in Evocations
 21683 | Orc:1    | Entered Level 1 of the Orcish Mines
 21967 | Orc:2    | Entered Level 2 of the Orcish Mines
 21972 | Orc:2    | Noticed Azrael
 21978 | Orc:2    | Noticed Saint Roka
 22449 | Orc:1    | Killed Azrael
 23479 | Orc:1    | Killed Saint Roka
 23640 | Orc:2    | Found a staircase to the Elven Halls.
 23849 | Orc:2    | Found Qoitun's General Store.
 23857 | Orc:2    | Bought a potion of cancellation for 128 gold pieces
 23857 | Orc:2    | Bought a scroll of identify for 32 gold pieces
 24344 | Orc:2    | Reached skill level 15 in Fighting
 24663 | Orc:2    | Found Haihar's Antique Armour Emporium.
 24663 | Orc:2    | Found Suaj Rae's Assorted Antiques.
 24664 | Orc:2    | Found Bolugegh's Distillery.
 24664 | Orc:2    | Found Juenou Udghuw's Antique Weapon Shop.
 24683 | Orc:2    | Bought a scroll of blinking for 202 gold pieces
 24683 | Orc:2    | Bought a scroll of fear for 94 gold pieces
 24693 | Orc:2    | Bought a potion of heal wounds for 90 gold pieces
 24693 | Orc:2    | Bought a potion of haste for 180 gold pieces
 24693 | Orc:2    | Bought a potion of berserk rage for 90 gold pieces
 24693 | Orc:2    | Bought a potion of cancellation for 144 gold pieces
 24693 | Orc:2    | Bought a potion of might for 72 gold pieces
 24693 | Orc:2    | Bought 2 potions of mutation for 288 gold pieces
 24693 | Orc:2    | Bought a potion of curing for 54 gold pieces
 24949 | Orc:1    | Paralysed by an orc sorcerer for 6 turns
 25570 | D:13     | Reached XP level 16. HP: 101/108 MP: 17/17
 25626 | D:13     | Found a gate to the Vaults.
 26012 | D:14     | Found Muceoc's Magic Scroll Emporium.
 26106 | D:14     | Bought a scroll of fog for 38 gold pieces
 26106 | D:14     | Bought a scroll of blinking for 142 gold pieces
 26106 | D:14     | Bought a scroll of silence for 142 gold pieces
 26106 | D:14     | Bought a scroll of teleportation for 57 gold pieces
 26106 | D:14     | Bought a scroll of summoning for 180 gold pieces
 26148 | D:14     | Found Tiurhod's General Store.
 26157 | D:14     | Bought a +2 helmet of intelligence for 236 gold pieces
 26157 | D:14     | Bought a potion of haste for 110 gold pieces
 26205 | D:14     | Found Jasuq's Armour Shop.
 26444 | D:14     | Found Uniynk's Antique Armour Shop.
 26654 | D:15     | Entered Level 15 of the Dungeon
 26654 | D:15     | Found an opulent altar of Gozag.
 26800 | D:15     | Reached skill level 15 in Armour
 27149 | D:15     | Found a staircase to the Depths.
 27839 | Lair:6   | Killed Clumpoid's ghost
 28227 | Swamp:1  | Entered Level 1 of the Swamp
 28229 | Swamp:1  | Noticed a thorn hunter
 28290 | Swamp:1  | Killed a thorn hunter
 28342 | Swamp:1  | Reached skill level 17 in Maces & Flails
 29719 | Swamp:2  | Noticed a fenstrider witch
 29719 | Swamp:2  | Noticed a thorn hunter
 29722 | Swamp:2  | Killed a fenstrider witch
 29723 | Swamp:2  | Noticed a thorn hunter
 30032 | Swamp:2  | Reached skill level 18 in Maces & Flails
 30084 | Swamp:2  | Identified the amulet "Pidiku" {Contam rC++ Regen+ Dex+5}
 30087 | Swamp:2  | Noticed xfalz's ghost (journeyman GnSk)
 30187 | Swamp:2  | Found a bloodstained altar of Trog.
 30203 | Swamp:2  | Found a transporter.
 30206 | Swamp:2  | Found a transporter.
 30564 | Swamp:2  | Killed a thorn hunter
 30801 | Swamp:2  | Killed a thorn hunter
 30802 | Swamp:2  | Reached XP level 17. HP: 93/113 MP: 18/18
 30916 | Swamp:3  | Found a runed translucent door.
 30983 | Swamp:3  | Noticed a tentacled monstrosity
 30999 | Swamp:3  | Killed a tentacled monstrosity
 31369 | Swamp:3  | Reached skill level 19 in Maces & Flails
 31542 | Swamp:3  | Identified the ring "Onaek" {Will- Str+5 Int+8 Slay+4}
 32259 | Swamp:4  | Entered Level 4 of the Swamp
 32259 | Swamp:4  | Noticed a tentacled monstrosity
 32263 | Swamp:4  | Killed a tentacled monstrosity
 32307 | Swamp:4  | Reached skill level 20 in Maces & Flails
 32821 | Swamp:4  | Got a decaying rune of Zot
 32945 | Swamp:4  | Noticed a tentacled monstrosity
 32956 | Swamp:4  | Killed a tentacled monstrosity
 33729 | Snake:1  | Entered Level 1 of the Snake Pit
 33747 | Snake:1  | Found a frozen archway.
 33766 | IceCv    | Entered an ice cave
 34558 | IceCv    | Mangled by a caustic shrike simulacrum

Illustrated notes

Levels and vault maps discovered:
D:1:      tarquinn_simple_flora_water_f, layout_basic,
          chequers_ecumenical_altar_island
D:2:      layout_loops_corners
D:3:      layout_loops_ring
D:4:      layout_loops_corners, minmay_temple_entry_fiery
D:5:      layout_basic, ashenzari_conservatory_becter
D:6:      layout_loops_corners, hangedman_decor_clover_reticule,
          solitary_fountain
D:7:      layout_loops_corners
D:8:      layout_loops_ring, due_lair_maze_entry_diamond, serial_shops, shop
D:9:      layout_loops_cross, introduction_to_nature_2
D:10:     layout_cave_pools, david_orc_1_choice
D:11:     layout_roguey, nicolae_underground_beach
D:12:     minmay_skewed_foursquare, layout_long_grid,
          dilly_guarded_unrand_elemental_staff
D:13:     lemuel_ice_spiral_2, layout_irregular_city, erik_vaults_1
D:14:     layout_loops_cross, hangedman_decor_riveting, serial_shops, shop,
          nicolae_shop_hallway_stairs, shop, nicolae_shop_statue_plus
D:15:     grunt_enter_depths_giant_problem, layout_loops_ring,
          nicolae_gozag_seed_capital
Lair:1:   layout_chaotic_city, lemuel_centaur_altar, infiniplex_staircase_pool_2
Lair:2:   layout_hall_layers, serial_bayou_shore_a
Lair:3:   layout_regular_city, nicolae_volcano_entry_two_sided,
          lemuel_fruit_tree
Lair:4:   wander_river, layout_gridlike, swamp_mist_pool,
          minmay_snake_entry_guardpost_medium, kennysheep_rathole, uniq_snorg
Lair:5:   layout_cave_pods, slime_altar_1, ebering_ghost_rock_garden,
          cheibrodos_lair_lostbears, infiniplex_staircase_pool,
          grunt_megastairs_3
Lair:6:   hangedman_lair_caniforms_friends, layout_small_grid,
          hangedman_lair_in_review, gammafunk_ghost_necromancy,
          grunt_forest_stairs_basic
Swamp:1:  layout_falls_marsh, nicolae_swamp_bean_lake
Swamp:2:  nzn_winding_woodlands_small [nzn_winding_woodlands_5x15_default,
          nzn_winding_woodlands_center_pierced_h,
          nzn_winding_woodlands_5x15_parted], layout_basic_swamp,
          gammafunk_ghost_wrathful_warriors, evilmike_swamp_ruin_house_3
Swamp:3:  gammafunk_mikee_crab_dinner, layout_basic_swamp,
          evilmike_swamp_ruin_rubble_1, swamp_pool3
Swamp:4:  swamp, layout_basic_swamp
Snake:1:  layout_grid_maze, portal_ice_cave_entry_frozen_things,
          nicolae_snake_salamander_stairs, uniq_donald, uniq_louise, uniq_aizul,
          uniq_rupert
Orc:1:    layout_diamond_mine
Orc:2:    st_orc_elflike, layout_caves, serial_shops, shop, uniq_saint_roka,
          uniq_azrael
IceCv:    ice_cave_tombish

Skill      XL: |  1  2  3  4  5  6  7  8  9 10 11 12 13 14 15 16 17 |
---------------+----------------------------------------------------+-----
Maces & Flails | 4 5 7 11 14 16 18 20 | 20.0
Throwing       | 1 2 3 4 |  4.0
Fighting       | 4 5 7 8 10 12 15 17 | 17.1
Armour         | 2 9 12 13 15 | 15.0
Dodging        | 7 8 |  8.0
Evocations     | 9 10 | 10.0
Spellcasting   | |  1.0
Fire Magic     | |  3.0

Action                   |  1- 3 |  4- 6 |  7- 9 | 10-12 | 13-15 | 16-18 || total
-------------------------+-------+-------+-------+-------+-------+-------++-------
Melee: Mace              |   143 |    57 |       |       |       |       ||   200
       Spear             |       |    62 |    84 |       |       |       ||   146
       Punch             |       |     1 |       |     9 |    22 |    17 ||    49
       Morningstar       |       |       |   110 |   446 |  1202 |   832 ||  2590
Throw: Dart              |       |     4 |       |    14 |       |       ||    18
Evoke: Wand              |       |       |       |     4 |     1 |     1 ||     6
       Phantom mirror    |       |       |       |     1 |     2 |       ||     3
  Use: Scroll            |       |     3 |    11 |    13 |     8 |     6 ||    41
       Potion            |       |       |     1 |     1 |     4 |       ||     6
 Stab: Distracted        |       |       |       |       |       |     2 ||     2
       Confused          |       |       |       |       |       |     1 ||     1
       Paralysed         |       |       |       |       |       |     2 ||     2
Armor: Robe              |    54 |    23 |       |       |       |       ||    77
       Chain mail        |       |    26 |   106 |   250 |   721 |       ||  1103
       Plate armour      |       |       |       |       |    62 |   878 ||   940
Dodge: Dodged            |   115 |    45 |    45 |   140 |   525 |   453 ||  1323
Block: Other             |       |       |    25 |    83 |   244 |   218 ||   570
       Reflection        |       |       |     1 |     6 |     6 |    11 ||    24
